 Dungeon Crawl Stone Soup version 0.22-a0-406-g9ff8d77 (webtiles) character file.

17407 iamserjio the Grappler (level 12, 12/103 HPs)
             Began as a Ghoul Fighter on May 8, 2018.
             Was an Elder of Makhleb.
             Quit the game on level 13 of the Dungeon.
             The game lasted 00:45:30 (17836 turns).

iamserjio the Grappler (Ghoul Fighter)             Turns: 17836, Time: 00:45:31

Health: 12/103     AC: 15    Str: 23    XL:     12   Next: 47%
Magic:  18/18      EV:  8    Int:  5    God:    Makhleb [****..]
Gold:   726        SH: 11    Dex:  8    Spells: 11/11 levels left

rFire    . . .     SeeInvis .     - Unarmed
rCold    + . .     Gourm    .   b - +0 shield
rNeg     + + +     Faith    .   a - +0 scale mail
rPois    ∞         Spirit   .   J - +1 helmet
rElec    +         Reflect  .   p - +2 cloak
rCorr    .         Harm     .   (no gloves)
MR       .....                  V - +1 pair of boots of Leapfrog {rElec}
Stlth    ..........             (no amulet)
HPRegen  0.00/turn              (no ring)
MPRegen  0.16/turn              G - ring of wizardry

@: rotting
A: rotting body, claws 1, carnivore, cold resistance 1, negative energy
resistance 3, inhibited regeneration, torment resistance, unbreathing
a: Minor Destruction, Lesser Servant of Makhleb, Major Destruction, Renounce
Religion


You were on level 13 of the Dungeon.
You worshipped Makhleb.
Makhleb was greatly pleased with you.
You were not hungry.

You visited 2 branches of the dungeon, and saw 14 of its levels.

You collected 830 gold pieces.
You spent 104 gold pieces at shops.

Inventory:

Missiles
 U - 5 tomahawks (quivered)
Armour
 a - a +0 scale mail (worn)
 b - a +0 shield (worn)
 p - a +2 cloak (worn)
 q - a cursed +0 robe
 v - a +1 robe of magic resistance
 y - a +0 chain mail
 J - a +1 helmet (worn)
 Q - a cursed +0 plate armour
 V - the +1 pair of boots of Leapfrog (worn) {rElec}
   (You found it on level 12 of the Dungeon)

   It insulates you from electricity.
Jewellery
 t - an uncursed ring of fire
 G - a ring of wizardry (right claw)
Wands
 u - a wand of polymorph (16)
Scrolls
 h - 3 scrolls of amnesia
 i - 3 scrolls of fear
 j - a scroll of immolation
 m - 5 scrolls of teleportation
 o - 4 scrolls of fog {unknown}
 s - 2 scrolls of blinking
 x - a scroll of magic mapping
 D - 6 scrolls of remove curse
 F - a scroll of vulnerability {unknown}
 I - a scroll of summoning
 N - 2 scrolls of random uselessness {unknown}
 O - a scroll of torment {unknown}
 P - 4 scrolls of brand weapon {unknown}
 R - 3 scrolls of identify
 W - a scroll of noise {unknown}
Potions
 c - 3 potions of might
 e - 7 potions of curing
 f - 4 potions of flight {unknown}
 k - 3 potions of agility {unknown}
 n - 4 potions of magic
 r - a potion of ambrosia {unknown}
 w - 2 potions of cancellation {unknown}
 C - 3 potions of haste {unknown}
 H - a potion of degeneration {unknown}
 K - a potion of brilliance {unknown}
 L - 3 potions of berserk rage {unknown}
 M - a potion of invisibility {unknown}
 S - 2 potions of resistance {unknown}
 X - a potion of lignification {unknown}
Comestibles
 d - 21 rations


   Skills:
 + Level 8.6 Fighting
 + Level 6.0 Armour
 * Level 9.2 Shields
 + Level 13.2 Unarmed Combat
 + Level 9.7 Invocations


You had 11 spell levels left.
You didn't know any spells.

Dungeon Overview and Level Annotations

Branches:
Dungeon (13/15)            Temple (1/1) D:6            Lair (0/6) D:8
    Orc (0/2) D:10
 Vaults: D:13-14

Altars:
Ashenzari
Cheibriados
Dithmenos
Elyvilon
Fedhas
Gozag
Hepliaklqana
Kikubaaqudgha
Makhleb
Nemelex Xobeh
Okawaru
Qazlal
Ru
Sif Muna
Trog
Uskayaw
Vehumet
Wu Jian
Xom
Yredelemnul
Zin
The Shining One
Jiyva

Shops:
D:5 [   D:7 }*   D:10 :

Portals:
Trove: D:11 (give 19 scrolls of identify)


Innate Abilities, Weirdness & Mutations

Your body is rotting away.
You thrive on raw meat.
You are immune to poison.
You have sharp fingernails.
You are carnivorous and can eat meat at any time.
Your flesh is cold resistant. (rC+)
You are immune to negative energy. (rN+++)
You do not regenerate when monsters are visible.
You are immune to unholy pain and torment.
You can survive without breathing.


Message History

Okay, then.
Press: ? - help, Shift-Dir - straight line, f - death knight
Aim: a death knight, wielding an enchanted glaive and wearing a chain mail (severely wounded)
The orb of electricity explodes!
The orb of electricity engulfs the death knight.
The death knight appears unharmed.
The death knight is severely wounded.
The orb of electricity engulfs you! You resist.
* * * LOW HITPOINT WARNING * * *
The orb of electricity engulfs the freezing wraith.
The freezing wraith is heavily damaged.
The orb of electricity engulfs your neqoxec.
Your neqoxec is almost dead.
The orb of electricity engulfs the wraith.
The wraith is moderately damaged.
You block the neqoxec's attack.
Okay, then.
Quiver which item? (- for none, * to show all) (? for menu, Esc to quit)
Okay, then.
Are you sure you want to abandon this character and quit the game? (Confirm with "yes".)

........#'######....#
....................########
..######................#..#
#....#................+..#
#....'................#..#
...#...##...............†##'##
...#...###########'###.......#
...#.......#...3.pW..'.......#
...#.......#....@#W..#.......#
...#'#####.########..#######)#
...#...###.###..###..# #.#
...#.................# #.#
...'.................p #.#
...###+####.##..###..#. #.#
..........# #. #..#.. #.#
..........# . ...#######.#
###.......# ...#.......#


You could see a death knight, a freezing wraith and a neqoxec.

Vanquished Creatures
  2 two-headed ogres (D:11)
  A centaur warrior (D:12)
  The ghost of azzavlup the Poker, a novice DrSk of Ashenzari (D:7)
  An unseen horror (D:12)
  A wizard (D:12)
  The ghost of zero the Arsonist, a novice GrFE of Vehumet (D:8)
  An orc knight (D:11)
  2 ugly things
  A deep elf mage (D:12)
  A manticore (D:12)
  A troll (D:4)
  2 hornets
  Grinder (D:5)
  3 hippogriffs
  Sigmund (D:6)
  A shadow (D:12)
  10 yaks
  A wraith (D:11)
  A hungry ghost (D:7)
  4 vampire mosquitoes (D:12)
  3 wargs (D:8)
  Edmund (D:6)
  A soldier ant (D:13)
  2 water moccasins (D:11)
  6 orc warriors
  2 black bears
  An eye of draining (D:8)
  2 ice beasts
  2 phantoms
  4 sky beasts
  10 ogres
  A centaur (D:11)
  2 big kobolds (D:11)
  11 bullfrogs
  A gnoll sergeant (D:13)
  A water moccasin zombie (D:6)
  7 scorpions
  12 killer bees
  7 wights
  4 howler monkeys
  6 crimson imps
  A quasit (D:12)
  2 bullfrog zombies
  6 hounds
  8 jellies
  6 orc priests
  13 orc wizards
  A bullfrog skeleton (D:9)
  3 iguanas
  9 worker ants
  A hound skeleton (D:10)
  10 gnolls
  17 adders
  3 shadow imps
  An ooze (D:2)
  2 worms
  3 dart slugs
  8 leopard geckos
  33 orcs
  8 giant cockroaches
  11 goblins
  4 hobgoblins
  9 jackals
  6 quokkas
  4 ball pythons
  12 bats
  6 frilled lizards
  15 kobolds
  2 leopard gecko skeletons (D:4)
  2 quokka zombies
  9 rats
338 creatures vanquished.

Vanquished Creatures (others)
  A human (D:7)
  An orc wizard (D:4)
  9 fungi (D:4)
  2 plants (D:4)
13 creatures vanquished.

Grand Total: 351 creatures vanquished

Notes
Turn   | Place    | Note
-------+----------+-------------------------------------------
     0 | D:1      | iamserjio the Ghoul Fighter began the quest for the Orb.
     0 | D:1      | Reached XP level 1. HP: 19/19 MP: 0/0
   271 | D:1      | Reached XP level 2. HP: 25/26 MP: 1/1
   532 | D:1      | Reached skill level 3 in Unarmed Combat
   532 | D:1      | Reached XP level 3. HP: 26/31 MP: 2/2
  1277 | D:2      | Reached XP level 4. HP: 34/38 MP: 3/3
  2014 | D:2      | Reached skill level 4 in Unarmed Combat
  2258 | D:2      | Found a blossoming altar of Fedhas.
  2893 | D:2      | Reached XP level 5. HP: 36/43 MP: 4/4
  3535 | D:3      | Found a basalt altar of Yredelemnul.
  3889 | D:2      | Reached skill level 5 in Unarmed Combat
  3889 | D:2      | Reached XP level 6. HP: 7/50 MP: 5/5
  4954 | D:4      | Noticed a troll
  4961 | D:5      | Entered Level 5 of the Dungeon
  4961 | D:5      | Noticed Grinder
  4974 | D:5      | Paralysed by Grinder for 3 turns
  4980 | D:5      | Killed Grinder
  4980 | D:5      | Reached skill level 6 in Unarmed Combat
  4980 | D:5      | Reached XP level 7. HP: 35/57 MP: 6/6
  5412 | D:4      | Reached skill level 7 in Unarmed Combat
  5480 | D:4      | Found a deep blue altar of Sif Muna.
  5565 | D:4      | Found a shadowy altar of Dithmenos.
  5699 | D:4      | Reached XP level 8. HP: 58/63 MP: 7/7
  5705 | D:4      | Killed a troll
  5705 | D:4      | Reached skill level 5 in Armour
  5705 | D:4      | Reached skill level 5 in Shields
  5713 | D:4      | Reached skill level 8 in Unarmed Combat
  5777 | D:4      | Found the +7 Singing Sword
  6280 | D:4      | Got a heavily jewelled robe
  6652 | D:5      | Found Xenymues's Armour Boutique.
  6712 | D:5      | Identified the cursed +1 robe "Voinithra" {Dex+4} (You found it on level 4 of the Dungeon)
  6798 | D:5      | Found a glowing golden altar of the Shining One.
  7445 | D:6      | Noticed Sigmund
  7456 | D:6      | Killed Sigmund
  7456 | D:6      | Reached skill level 9 in Unarmed Combat
  7456 | D:6      | Reached XP level 9. HP: 70/70 MP: 8/8
  7479 | D:6      | Noticed Edmund
  7486 | D:6      | Killed Edmund
  7541 | D:6      | Found an iron altar of Okawaru.
  8425 | D:6      | Found a staircase to the Ecumenical Temple.
  8452 | Temple   | Entered the Ecumenical Temple
  8845 | Temple   | Became a worshipper of Makhleb the Destroyer
  9144 | D:7      | Found Tiobyas's General Store.
  9149 | D:7      | Bought a scroll of identify for 26 gold pieces
  9149 | D:7      | Bought a potion of might for 52 gold pieces
  9149 | D:7      | Bought a scroll of identify for 26 gold pieces
  9164 | D:7      | Reached skill level 1 in Invocations
  9191 | D:7      | Found an ancient bone altar of Kikubaaqudgha.
  9284 | D:7      | Reached skill level 10 in Unarmed Combat
  9498 | D:7      | Reached skill level 5 in Fighting
  9501 | D:7      | Noticed azzavlup's ghost (novice DrSk)
  9670 | D:7      | Killed azzavlup's ghost
  9670 | D:7      | Reached XP level 10. HP: 64/80 MP: 10/12
  9922 | D:7      | Found Godghunaa's Gadget Boutique.
 10152 | D:8      | Found an ornate altar of the Wu Jian Council.
 10152 | D:8      | Found a hide-covered altar of Uskayaw.
 10152 | D:8      | Found a snail-covered altar of Cheibriados.
 10165 | D:8      | Noticed zero's ghost (novice GrFE)
 10376 | D:8      | Killed zero's ghost
 10503 | D:8      | Reached * piety under Makhleb
 10519 | D:8      | Found a hazy altar of Hepliaklqana.
 10555 | D:8      | Reached skill level 5 in Invocations
 10794 | D:8      | Reached skill level 11 in Unarmed Combat
 11126 | D:8      | Found a staircase to the Lair.
 12047 | D:9      | Found a viscous altar of Jiyva.
 12796 | D:9      | Reached XP level 11. HP: 73/90 MP: 13/15
 12830 | D:9      | Reached ** piety under Makhleb
 13613 | D:10     | Entered Level 10 of the Dungeon
 13769 | D:10     | Reached skill level 12 in Unarmed Combat
 13942 | D:10     | Found Derhaatu's Book Shop.
 14025 | D:10     | Found a blossoming altar of Fedhas.
 14182 | D:10     | Found a shimmering altar of Xom.
 14199 | D:10     | Found a staircase to the Orcish Mines.
 14586 | D:11     | Found a portal to a secret trove of treasure.
 14607 | D:11     | Reached *** piety under Makhleb
 14694 | D:11     | Noticed an orc knight
 14709 | D:11     | Killed an orc knight
 14760 | D:11     | Noticed a white ugly thing
 14793 | D:11     | Noticed a two-headed ogre
 15063 | D:11     | Killed a white ugly thing
 15234 | D:11     | Killed a two-headed ogre
 15436 | D:11     | Noticed a two-headed ogre
 15442 | D:11     | Killed a two-headed ogre
 15469 | D:11     | Reached XP level 12. HP: 79/101 MP: 17/17
 15828 | D:12     | Noticed a centaur warrior
 15837 | D:12     | Killed a centaur warrior
 15837 | D:12     | Reached **** piety under Makhleb
 15837 | D:12     | Reached skill level 13 in Unarmed Combat
 16378 | D:12     | Got a pair of shimmering boots
 17276 | D:12     | Identified the +1 pair of boots of Leapfrog {rElec} (You found it on level 12 of the Dungeon)
 17511 | D:13     | Noticed a rakshasa
 17814 | D:13     | Noticed a death knight
 17836 | D:13     | Quit the game

Vault maps used:
D:1:      dpeg_arrival_rooms_c
D:2:      lemuel_doored_altar, first_ration, serial_aquarium,
          aquarium_bridge_square, aquarium_bridge_long_separate,
          aquarium_window_1, aquarium_window_2, aquarium_view_2e,
          aquarium_balcony_5b, grunt_ministairs_14, serial_park_tiny_1,
          minmay_domino_4
D:3:      overflow_temple_1_default
D:4:      old_forge, kennysheep_mini_moat, nicolae_dithmenos_the_darkroom
D:5:      tso_metal_star, serial_shops, shop, uniq_grinder
D:6:      lemuel_crystal_altar, minmay_temple_entry_junction,
          sigmund_edmund_badplayer
D:7:      serial_shops, shop_statue, shop_fountains, tgw_kikubaaqudgha
D:8:      nicolae_overflow_quartered_altars, erik_lair_orcish_takeover
D:9:      serial_glass, glass_columns_b, glass_columns_a, glass_columns_a,
          glass_columns_a, glass_columns_b, glass_columns_b, glass_columns_a,
          glass_columns_a, grunt_ogre_cave, jiyva_altar_1
D:10:     orc_0_dummy, serial_shops, shop_fountains, basic_altar, fedhas_altar_1
D:11:     nicolae_trove_entry_free_sample
D:12:     hangedman_decor_riveting, grunt_ministairs_9, lightli_wizard_tower
D:13:     serial_shops, kennysheep_little_box, kennysheep_windowed_goal
Temple:   minmay_temple_forest_path

Skill      XL: |  1  2  3  4  5  6  7  8  9 10 11 12 |
---------------+-------------------------------------+-----
Armour         | 3 4 5 6 |  6.0
Shields        | 3 4 5 6 7 8 9 |  9.2
Unarmed Combat | 3 4 5 6 7 9 10 11 12 13 | 13.2
Fighting       | 5 6 7 8 |  8.6
Invocations    | 4 6 9 |  9.7

Action                   |  1- 3 |  4- 6 |  7- 9 | 10-12 || total
-------------------------+-------+-------+-------+-------++-------
Melee: Unarmed           |    93 |   335 |   360 |   700 ||  1488
Invok: Minor Destruction |       |       |       |     3 ||     3
       Lesser Servant of |       |       |       |     2 ||     2
       Major Destruction |       |       |       |     1 ||     1
Evoke: Wand              |       |       |     3 |     2 ||     5
  Use: Scroll            |       |       |    11 |     5 ||    16
       Potion            |       |       |     1 |       ||     1
  Eat: Chunk             |     5 |    11 |    15 |    37 ||    68
       Ration            |       |       |       |     1 ||     1
Armor: Scale mail        |    39 |   123 |   112 |   238 ||   512
Dodge: Dodged            |    30 |    91 |    67 |   161 ||   349
Block: Shield            |    35 |   164 |   129 |   316 ||   644

Table legend:
 A = Spawn XP
 B = Non-spawn XP
 C = Spawn XP percentage of total XP
 D = Spawn monster count
 E = Non-spawn monster count
 F = Spawn count percentage of total count
 G = Total turns spent on level
                    A         B        C        D         E        F      G
               +---------+---------+-------+---------+---------+-------+---------
         Total |       0 |   24868 |   0.0 |       0 |     339 |   0.0 | 17836
               +---------+---------+-------+---------+---------+-------+---------
           D:1 |       0 |      56 |   0.0 |       0 |      25 |   0.0 |  1612
           D:2 |       0 |     184 |   0.0 |       0 |      32 |   0.0 |  1960
           D:3 |       0 |     109 |   0.0 |       0 |      26 |   0.0 |  1057
           D:4 |       0 |     953 |   0.0 |       0 |      29 |   0.0 |  1454
           D:5 |       0 |     709 |   0.0 |       0 |      13 |   0.0 |  1129
           D:6 |       0 |    1714 |   0.0 |       0 |      27 |   0.0 |  1521
           D:7 |       0 |    1599 |   0.0 |       0 |      21 |   0.0 |  1055
           D:8 |       0 |    2821 |   0.0 |       0 |      32 |   0.0 |  1798
           D:9 |       0 |    2330 |   0.0 |       0 |      29 |   0.0 |  1586
          D:10 |       0 |    2322 |   0.0 |       0 |      23 |   0.0 |  1148
          D:11 |       0 |    5796 |   0.0 |       0 |      51 |   0.0 |  1064
          D:12 |       0 |    5902 |   0.0 |       0 |      25 |   0.0 |  1463
          D:13 |       0 |     373 |   0.0 |       0 |       6 |   0.0 |   548
               +---------+---------+-------+---------+---------+-------+---------
